TOP OF THE 1ST |
Amarillo ThunderHeads batting - Pitching for Madison Brewers : LHP Joel Congleton
|
Pitching: LHP Joel Congleton
|
|
Batting: LHB Carlos Guajardo
|
0-0: Ball 1-0: Foul Ball, location: 2F 1-1: Ball 2-1: Foul Ball, location: 2F 2-2: Foul Ball, location: 2F 2-2: Ball 3-2: Foul Ball, location: 2F 3-2: Fly out, F2 (Popup, 2LF, EV 81.9 MPH)
|
Batting: LHB Mike Gruszewski
|
0-0: Ground out 5-3 (Groundball, 15, EV 79.4 MPH)
|
Batting: RHB Bill Flannery
|
0-0: SINGLE (Line Drive, 34D, EV 95.0 MPH)
|
Batting: LHB Tony Cisneros
|
0-0: Swinging Strike 0-1: Called Strike 0-2: Foul Ball, location: 2F 0-2: Ball 1-2: Foul Ball, location: 2F 1-2: Ball 2-2: Ball 3-2: Ground out 4-3 (Groundball, 4M, EV 88.8 MPH)
|
Top of the 1st over - 0 runs, 1 hit, 0 errors, 1 left on base; Amarillo 0 - Madison 0 |
BOTTOM OF THE 1ST |
Madison Brewers batting - Pitching for Amarillo ThunderHeads : RHP Shane Ford
|
Pitching: RHP Shane Ford
|
|
Batting: RHB Malcolm McCauley
|
0-0: Called Strike 0-1: Ball 1-1: Ball 2-1: Swinging Strike 2-2: SINGLE (Groundball, 34, EV 105.6 MPH)
|
Batting: RHB Cory Taylor
|
0-0: Ball Malcolm McCauley steals 2nd base 1-0: Swinging Strike 1-1: Swinging Strike 1-2: Strikes out swinging
|
Batting: RHB Jelani Griffin
|
0-0: Ball 1-0: Foul Ball, location: 2F 1-1: Ball Malcolm McCauley steals 3rd base 2-1: Foul Ball, location: 2F 2-2: Ball 3-2: Foul Ball, location: 2F 3-2: Base on Balls
|
Batting: LHB Bill Kovac
|
0-0: Called Strike 0-1: 3-RUN HOME RUN (Flyball, 89XD, EV 115.6 MPH), Distance : 467 ft
|
Batting: RHB Yang-cheng Kui
|
0-0: Ball 1-0: Ground out 4-3 (Groundball, 4M, EV 84.4 MPH)
|
Batting: RHB Patrick Foote
|
0-0: Ground out 4-3 (Groundball, 4, EV 78.1 MPH)
|
Bottom of the 1st over - 3 runs, 2 hits, 0 errors, 0 left on base; Amarillo 0 - Madison 3 |
TOP OF THE 2ND |
Amarillo ThunderHeads batting - Pitching for Madison Brewers : LHP Joel Congleton
|
Batting: LHB Thie Hofmann
|
0-0: Called Strike 0-1: Foul Ball, location: 2F 0-2: Ball 1-2: Fly out, F9 (Flyball, 9D, EV 100.6 MPH)
|
Batting: RHB Jorge Balderama
|
0-0: Called Strike 0-1: Ball 1-1: Called Strike 1-2: Strikes out swinging
|
Batting: LHB Bill Mahoney
|
0-0: Foul Ball, location: 2F 0-1: Ball 1-1: Foul Ball, location: 2F 1-2: Ground out U3 (Groundball, 34, EV 85.0 MPH)
|
Top of the 2nd over - 0 runs, 0 hits, 0 errors, 0 left on base; Amarillo 0 - Madison 3 |
BOTTOM OF THE 2ND |
Madison Brewers batting - Pitching for Amarillo ThunderHeads : RHP Shane Ford
|
Batting: RHB Dave Guevara
|
0-0: Ball 1-0: Ball 2-0: Called Strike 2-1: Ball 3-1: Base on Balls
|
Batting: RHB Kelan Rae
|
0-0: Called Strike Dave Guevara steals 2nd base 0-1: Called Strike 0-2: Foul Ball, location: 2F 0-2: Foul Ball, location: 2F 0-2: Ball 1-2: Ball 2-2: Strikes out swinging
|
Batting: LHB Andy Underwood
|
0-0: Ball 1-0: Ball 2-0: Called Strike 2-1: Swinging Strike 2-2: SINGLE (Groundball, 4MD, EV 101.9 MPH) Dave Guevara to third
|
Batting: RHB Malcolm McCauley
|
0-0: Ball 1-0: Called Strike 1-1: Ball 2-1: Ball 3-1: Foul Ball, location: 2F 3-2: Foul Ball, location: 2F 3-2: Fielders Choice at 2nd, 4-6 (Groundball, 4S, EV 80.0 MPH) Dave Guevara scores
|
Batting: RHB Cory Taylor
|
0-0: Called Strike 0-1: Reached on error, E5 (Groundball, 5L, EV 101.9 MPH) Malcolm McCauley to second
|
Batting: RHB Jelani Griffin
|
0-0: Called Strike Cory Taylor steals 2nd base Malcolm McCauley steals 3rd base 0-1: Ball 1-1: Ball 2-1: Ball 3-1: Base on Balls
|
Batting: LHB Bill Kovac
|
0-0: Swinging Strike 0-1: Called Strike 0-2: Fly out, F7 (Flyball, 7S, EV 80.6 MPH)
|
Bottom of the 2nd over - 1 run, 1 hit, 1 error, 3 left on base; Amarillo 0 - Madison 4 |
TOP OF THE 3RD |
Amarillo ThunderHeads batting - Pitching for Madison Brewers : LHP Joel Congleton
|
Batting: RHB Eddie Vanderjagt
|
0-0: Ball 1-0: Ball 2-0: Ground out 4-3 (Groundball, 34, EV 78.1 MPH)
|
Batting: RHB Adrian Quilantan
|
0-0: Ball 1-0: Ground out 5-3 (Groundball, 56, EV 87.5 MPH)
|
Batting: LHB Carlos Guajardo
|
0-0: Foul Ball, location: 2F 0-1: Ball 1-1: Foul Ball, location: 2F 1-2: Ball 2-2: Foul Ball, location: 2F 2-2: Foul Ball, location: 2F 2-2: Ball 3-2: Foul Ball, location: 2F 3-2: Fly out, F8 (Flyball, 8LS, EV 83.1 MPH)
|
Top of the 3rd over - 0 runs, 0 hits, 0 errors, 0 left on base; Amarillo 0 - Madison 4 |
BOTTOM OF THE 3RD |
Madison Brewers batting - Pitching for Amarillo ThunderHeads : RHP Shane Ford
|
Batting: RHB Yang-cheng Kui
|
0-0: Ball 1-0: Ball 2-0: Ball 3-0: Called Strike 3-1: Foul Ball, location: 2F 3-2: Foul Ball, location: 2F 3-2: Foul Ball, location: 2F 3-2: Foul Ball, location: 2F 3-2: Base on Balls
|
Batting: RHB Patrick Foote
|
0-0: Ball 1-0: Called Strike 1-1: Ball 2-1: Ball 3-1: Foul Ball, location: 2F 3-2: Base on Balls Yang-cheng Kui to second
|
Batting: RHB Dave Guevara
|
0-0: Ball 1-0: Grounds into double play, 5-4-3 (Groundball, 5, EV 105.0 MPH) Yang-cheng Kui to third
|
Batting: RHB Kelan Rae
|
0-0: Ball Wild Pitch! Yang-cheng Kui scores 1-0: Called Strike 1-1: Ball 2-1: Ball 3-1: Foul Ball, location: 2F 3-2: Foul Ball, location: 2F 3-2: Strikes out looking
|
Bottom of the 3rd over - 1 run, 0 hits, 0 errors, 0 left on base; Amarillo 0 - Madison 5 |
TOP OF THE 4TH |
Amarillo ThunderHeads batting - Pitching for Madison Brewers : LHP Joel Congleton
|
Batting: LHB Mike Gruszewski
|
0-0: Foul Ball, location: 2F 0-1: Swinging Strike 0-2: Foul Ball, location: 2F 0-2: Strikes out swinging
|
Batting: RHB Bill Flannery
|
0-0: Ball 1-0: Ball 2-0: Foul Ball, location: 2F 2-1: Swinging Strike 2-2: Foul Ball, location: 2F 2-2: SINGLE (Groundball, 34S, EV 69.4 MPH) (infield hit)
|
Batting: LHB Tony Cisneros
|
0-0: Swinging Strike 0-1: Ball 1-1: 2-RUN HOME RUN (Flyball, 9D, EV 108.1 MPH), Distance : 410 ft
|
Batting: LHB Thie Hofmann
|
0-0: Ball 1-0: Swinging Strike 1-1: SINGLE (Flyball, 8RS, EV 95.6 MPH)
|
Batting: RHB Jorge Balderama
|
0-0: Ball 1-0: Ball 2-0: Called Strike 2-1: Foul Ball, location: 2F 2-2: Foul Ball, location: 2F 2-2: Strikes out swinging
|
Batting: LHB Bill Mahoney
|
0-0: Called Strike 0-1: Swinging Strike 0-2: Ball 1-2: Fly out, F6 (Popup, 6D, EV 56.2 MPH)
|
Top of the 4th over - 2 runs, 3 hits, 0 errors, 1 left on base; Amarillo 2 - Madison 5 |
BOTTOM OF THE 4TH |
Madison Brewers batting - Pitching for Amarillo ThunderHeads : RHP Shane Ford
|
Batting: LHB Andy Underwood
|
0-0: Ball 1-0: Fly out, F8 (Flyball, 89M, EV 96.9 MPH)
|
Pitching: LHP Zach Harris
|
|
Batting: RHB Malcolm McCauley
|
0-0: Called Strike 0-1: Ball 1-1: Ball 2-1: Foul Ball, location: 2F 2-2: Foul Ball, location: 2F 2-2: Strikes out swinging
|
Batting: RHB Cory Taylor
|
0-0: Ball 1-0: Ball 2-0: Swinging Strike 2-1: Ball 3-1: Swinging Strike 3-2: Strikes out looking
|
Bottom of the 4th over - 0 runs, 0 hits, 0 errors, 0 left on base; Amarillo 2 - Madison 5 |
TOP OF THE 5TH |
Amarillo ThunderHeads batting - Pitching for Madison Brewers : LHP Joel Congleton
|
Batting: RHB Eddie Vanderjagt
|
0-0: Fly out, F7 (Line Drive, 7, EV 90.0 MPH)
|
Batting: RHB Adrian Quilantan
|
0-0: Ball 1-0: Ball 2-0: Swinging Strike 2-1: Foul Ball, location: 2F 2-2: Strikes out swinging
|
Batting: LHB Carlos Guajardo
|
0-0: Ball 1-0: Swinging Strike 1-1: Ball 2-1: SINGLE (Groundball, 56S, EV 65.0 MPH) (infield hit)
|
Pitching: RHP Silvian Mans
|
|
Batting: LHB Mike Gruszewski
|
0-0: Ball 1-0: Foul Ball, location: 2F 1-1: Ball 2-1: Ball 3-1: Called Strike 3-2: Ground out 4-3 (Groundball, 4S, EV 88.1 MPH)
|
Top of the 5th over - 0 runs, 1 hit, 0 errors, 1 left on base; Amarillo 2 - Madison 5 |
BOTTOM OF THE 5TH |
Madison Brewers batting - Pitching for Amarillo ThunderHeads : LHP Zach Harris
|
Batting: RHB Jelani Griffin
|
0-0: Swinging Strike 0-1: Called Strike 0-2: Ball 1-2: Ball 2-2: Strikes out swinging, 2-3 out at first.
|
Batting: LHB Bill Kovac
|
0-0: Called Strike 0-1: Foul Ball, location: 2F 0-2: Ball 1-2: Ball 2-2: Foul Ball, location: 2F 2-2: Strikes out swinging
|
Batting: RHB Yang-cheng Kui
|
0-0: Called Strike 0-1: Ball 1-1: Ground out 5-3 (Groundball, 56, EV 81.9 MPH)
|
Bottom of the 5th over - 0 runs, 0 hits, 0 errors, 0 left on base; Amarillo 2 - Madison 5 |
TOP OF THE 6TH |
Amarillo ThunderHeads batting - Pitching for Madison Brewers : RHP Silvian Mans
|
Batting: RHB Bill Flannery
|
0-0: Ground out U3 (Groundball, 34S, EV 70.0 MPH)
|
Batting: LHB Tony Cisneros
|
0-0: Called Strike 0-1: SOLO HOME RUN (Flyball, 9LD, EV 91.2 MPH), Distance : 338 ft
|
Batting: LHB Thie Hofmann
|
0-0: Ball 1-0: Foul Ball, location: 2F 1-1: Ball 2-1: Foul Ball, location: 2F 2-2: Strikes out swinging
|
Pinch Hitting: SHB Jose Ramirez
|
0-0: Called Strike 0-1: Swinging Strike 0-2: Ball 1-2: Strikes out looking
|
Top of the 6th over - 1 run, 1 hit, 0 errors, 0 left on base; Amarillo 3 - Madison 5 |
BOTTOM OF THE 6TH |
Madison Brewers batting - Pitching for Amarillo ThunderHeads : LHP Zach Harris
|
Now in LF: Jose Ramirez
|
|
Batting: RHB Patrick Foote
|
0-0: Ball 1-0: Ball 2-0: Fly out, F8 (Flyball, 8LM, EV 91.2 MPH)
|
Batting: RHB Dave Guevara
|
0-0: Ball 1-0: SINGLE (Line Drive, 34D, EV 106.9 MPH)
|
Batting: RHB Kelan Rae
|
0-0: Ball 1-0: Ball 2-0: Ball 3-0: Called Strike 3-1: Grounds into double play, 5-4-3 (Groundball, 56, EV 80.6 MPH)
|
Bottom of the 6th over - 0 runs, 1 hit, 0 errors, 0 left on base; Amarillo 3 - Madison 5 |
TOP OF THE 7TH |
Amarillo ThunderHeads batting - Pitching for Madison Brewers : RHP Silvian Mans
|
Batting: LHB Bill Mahoney
|
0-0: Called Strike 0-1: Swinging Strike 0-2: Ground out 4-3 (Groundball, 4, EV 80.6 MPH)
|
Pinch Hitting: RHB Shi-fu Cuan
|
0-0: Called Strike 0-1: Ball 1-1: Ball 2-1: Ground out 6-3 (Groundball, 56, EV 90.6 MPH)
|
Batting: RHB Adrian Quilantan
|
0-0: Ball 1-0: Called Strike 1-1: Ball 2-1: Swinging Strike 2-2: Strikes out looking
|
Top of the 7th over - 0 runs, 0 hits, 0 errors, 0 left on base; Amarillo 3 - Madison 5 |
BOTTOM OF THE 7TH |
Madison Brewers batting - Pitching for Amarillo ThunderHeads : LHP Zach Harris
|
Now at 3B: Bill Flannery
|
|
Now at SS: Shi-fu Cuan
|
|
Pinch Hitting: RHB Bobby Raya
|
0-0: Called Strike 0-1: Foul Ball, location: 2F 0-2: Ball 1-2: Ball 2-2: Fly out, F8 (Line Drive, 8LM, EV 98.1 MPH)
|
Batting: RHB Malcolm McCauley
|
0-0: Foul Ball, location: 2F 0-1: Hit by Pitch
|
Pitching: RHP John Gerdes
|
|
Pinch Runner at 1st Ivan Rivera:
|
|
Batting: RHB Cory Taylor
|
0-0: Grounds into double play, 6-4-3 (Groundball, 6, EV 85.0 MPH)
|
Bottom of the 7th over - 0 runs, 0 hits, 0 errors, 0 left on base; Amarillo 3 - Madison 5 |
TOP OF THE 8TH |
Amarillo ThunderHeads batting - Pitching for Madison Brewers : RHP Silvian Mans
|
Pitching: RHP Noah Peek
|
|
Now at 1B: Jelani Griffin
|
|
Now at 3B: Jackson Wither
|
|
Now in LF: Sammar Wambugu
|
|
Now in CF: Dale Troutman
|
|
Now in RF: Rick Acevedo
|
|
Batting: LHB Carlos Guajardo
|
0-0: Ball 1-0: Foul Ball, location: 2F 1-1: Foul Ball, location: 2F 1-2: SINGLE (Line Drive, 4D, EV 95.0 MPH)
|
Batting: LHB Mike Gruszewski
|
0-0: Ball 1-0: Ball 2-0: Called Strike 2-1: Fly out, F9 (Flyball, 89D, EV 103.1 MPH)
|
Batting: RHB Bill Flannery
|
0-0: SINGLE (Line Drive, 89M, EV 90.6 MPH) Carlos Guajardo to second Runner from 2nd tries for 3rd, OUT! 8-5 Bill Flannery to second
|
Batting: LHB Tony Cisneros
|
0-0: Called Strike 0-1: Ball 1-1: Ball 2-1: Ball 3-1: Base on Balls
|
Batting: LHB Thie Hofmann
|
0-0: Called Strike 0-1: Foul Ball, location: 2F 0-2: Ball 1-2: Ball 2-2: Ball 3-2: 3-RUN HOME RUN (Flyball, 9D, EV 102.5 MPH), Distance : 388 ft
|
Pitching: RHP Matt Stearns
|
|
Batting: SHB Jose Ramirez
|
0-0: Called Strike 0-1: Foul Ball, location: 2F 0-2: Strikes out swinging
|
Top of the 8th over - 3 runs, 3 hits, 0 errors, 0 left on base; Amarillo 6 - Madison 5 |
BOTTOM OF THE 8TH |
Madison Brewers batting - Pitching for Amarillo ThunderHeads : RHP John Gerdes
|
Batting: RHB Jelani Griffin
|
0-0: Ball 1-0: Ball 2-0: Foul Ball, location: 2F 2-1: Foul Ball, location: 2F 2-2: Foul Ball, location: 2F 2-2: Foul Ball, location: 2F 2-2: Ball 3-2: Fly out, F8 (Flyball, 8LD, EV 95.6 MPH)
|
Batting: LHB Bill Kovac
|
0-0: Ball 1-0: Ball 2-0: Swinging Strike 2-1: Ball 3-1: Base on Balls
|
Pitching: RHP Trent Murdock
|
|
Batting: LHB Jackson Wither
|
0-0: Ball 1-0: Ball 2-0: Ball 3-0: Called Strike 3-1: Swinging Strike 3-2: Fly out, F9 (Flyball, 89M, EV 85.0 MPH)
|
Pinch Hitting: LHB Danny Roberts
|
0-0: Ball 1-0: Foul Ball, location: 2F 1-1: Ball 2-1: Ball 3-1: Base on Balls Bill Kovac to second
|
Pinch Hitting: LHB Chien Sam
|
0-0: Called Strike 0-1: Foul Ball, location: 2F 0-2: Strikes out swinging
|
Bottom of the 8th over - 0 runs, 0 hits, 0 errors, 2 left on base; Amarillo 6 - Madison 5 |
TOP OF THE 9TH |
Amarillo ThunderHeads batting - Pitching for Madison Brewers : RHP Matt Stearns
|
Now at C: Chien Sam
|
|
Now at SS: Alejandro Collazo
|
|
Batting: LHB Bill Mahoney
|
0-0: Ball 1-0: Ball 2-0: Ball 3-0: Called Strike 3-1: Base on Balls
|
Batting: RHB Shi-fu Cuan
|
0-0: Sac Bunt to 13S - play at first, batter OUT! 1-3 Bill Mahoney to second
|
Pinch Hitting: RHB Eric Camillo
|
0-0: Swinging Strike 0-1: Foul Ball, location: 2F 0-2: Ball 1-2: Ball 2-2: Ball 3-2: Ground out 1-3 (Groundball, 15S, EV 65.0 MPH)
|
Batting: LHB Carlos Guajardo
|
0-0: Ball 1-0: Foul Ball, location: 2F 1-1: Ball 2-1: Swinging Strike 2-2: Fly out, F9 (Flyball, 9, EV 91.2 MPH)
|
Top of the 9th over - 0 runs, 0 hits, 0 errors, 1 left on base; Amarillo 6 - Madison 5 |
BOTTOM OF THE 9TH |
Madison Brewers batting - Pitching for Amarillo ThunderHeads : RHP Trent Murdock
|
Pitching: RHP Adam Montag
|
|
Now at C: Ovidiu Kober
|
|
Now at 1B: Eric Camillo
|
|
Pinch Hitting: RHB Mario Lopez
|
0-0: Ball 1-0: Ball 2-0: Ball 3-0: Called Strike 3-1: Called Strike 3-2: Base on Balls
|
Batting: RHB Rick Acevedo
|
0-0: Ball 1-0: Called Strike 1-1: Fly out, F9 (Flyball, 89S, EV 91.2 MPH)
|
Pinch Hitting: LHB Moriaki Saito
|
0-0: Ball 1-0: Swinging Strike 1-1: Fly out, F8 (Flyball, 8LD, EV 107.5 MPH)
|
Pinch Hitting: RHB Franklin van den Berg
|
0-0: Called Strike 0-1: SINGLE (Line Drive, 89S, EV 94.4 MPH) Mario Lopez to second Runner from 2nd tries for 3rd, SAFE, no throw by RF
|
Batting: RHB Jelani Griffin
|
0-0: 3-RUN HOME RUN (Flyball, 9D, EV 105.6 MPH), Distance : 397 ft
|
Bottom of the 9th over - 3 runs, 2 hits, 0 errors, 0 left on base; Amarillo 6 - Madison 8 |
|